 Dungeon Crawl Stone Soup version 0.27-a0-1612-gde56a17 (webtiles) character file.

Game seed: 7980605161969419880

114 Geeful the Ducker (level 5, 0/36 HPs)
             Began as a Djinni Fire Elementalist on July 21, 2021.
             Was a Follower of Makhleb.
             Slain by a sky beast (1 damage)
             ... on level 5 of the Dungeon.
             The game lasted 00:12:12 (3065 turns).

Geeful the Ducker (Djinni Fire Elementalist)        Turns: 3065, Time: 00:12:13

Health: 0/36       AC:  2    Str:  7    XL:     5   Next: 19%
Gold:   117        EV: 13    Int: 17    God:    Makhleb [*.....] SH:  0 Dex: 14

rFire    + + .     SeeInvis .   h - +2 dagger (speed)
rCold    x . .     Faith    .   (no shield)
rNeg     . . .     Spirit   .   a - +0 robe
rPois    ∞         Reflect  .   (no helmet)
rElec    .         Harm     .   (no cloak)
rCorr    .         Rampage  .   (no gloves)
Will     +....                  (boots unavailable)
Stlth    ++........             (no amulet)
HPRegen  0.12/turn              f - ring of willpower
MPRegen  0.00/turn              (no ring)

@: flying, studying 2 skills
A: sickness immunity, fire resistance 2, cold vulnerability 1, float, innate
caster, hp casting, extra vitality 1
a: Renounce Religion


You were on level 5 of the Dungeon.
You worshipped Makhleb.
Makhleb was aware of your devotion.
You visited 1 branch of the dungeon, and saw 4 of its levels.

You collected 117 gold pieces.

Inventory:

Hand Weapons
 h - a +2 dagger of speed (weapon)
Armour
 a - a +0 robe (worn)
 g - a +2 buckler of positive energy
Jewellery
 f - a ring of willpower (left hand)
Potions
 b - a potion of curing
 d - a potion of attraction
 e - a potion of might {unknown}


   Skills:
 - Level 0.7 Fighting
 + Level 4.3 Dodging
 - Level 1.5 Stealth
 + Level 3.0 Shields
 - Level 2.6 Spellcasting


You couldn't memorise any spells.
You knew the following spells:

 Your Spells              Type           Power      Damage    Failure   Level
a - Foxfire               Conj/Fire      44%        2x1d6     6%          1
b - Conjure Flame         Conj/Fire      11%        6-21      19%         3
c - Inner Flame           Hex/Fire       11%        N/A       19%         3
d - Sticky Flame          Conj/Fire      11%        2d3       52%         4
e - Fireball              Conj/Fire      5%         3d5       86%         5
f - Summon Small Mammal   Summ           44%        N/A       6%          1
g - Call Imp              Summ           11%        N/A       9%          2
Your spell library was empty.

Dungeon Overview and Level Annotations

Branches:
Dungeon (3/15)             Temple (0/1) D:5

Altars:
Gozag
Makhleb

Annotations:
D:3 3 runed translucent doors, spindart's ghost, amateur DsWr


Innate Abilities, Weirdness & Mutations

You are immune to sickness and miasma.
You are immune to poison.
Your flesh is very heat resistant. (rF++)
You are vulnerable to cold. (rC-)
You float through the air rather than walking.
You learn spells naturally, not from books.
Your magical power is your life essence.
You have superior vitality. (+4 HP)


Message History

There is not enough space to conjure foxfire!
Casting: Foxfire (safe; 6% risk of failure)
Confirm with . or Enter, or press ? or * to list all spells.
There is not enough space to conjure foxfire!
You aren't carrying any scrolls.
Okay, then.
It was a potion of heal wounds.
You feel much better. The bullfrog zombie hits you.
The gnoll closely misses you.
You hit the gnoll.
The gnoll is moderately wounded.
The bullfrog zombie hits you but does no damage.
The gnoll hits you with a +0 club.
You hit the gnoll but do no damage.
The gnoll is moderately wounded.
The bullfrog zombie hits you.
You barely miss the gnoll.
The gnoll is moderately wounded.
The bullfrog zombie hits you. The gnoll hits you with a +0 club.
You hit the gnoll.
The gnoll is heavily wounded.
The gnoll closely misses you. The gnoll hits you with a +0 club.
You barely miss the gnoll.
The gnoll is heavily wounded.
You barely miss the gnoll.
The gnoll is heavily wounded.
The gnoll barely misses you. The gnoll closely misses you.
You hit the gnoll.
The gnoll is almost dead.
Something hits you. Something shocks you.
* * * LOW HITPOINT WARNING * * *
The gnoll shaman calls upon its god to speed up the gnoll.
The gnoll seems to speed up.
The gnoll barely misses you.
You hear a shout!
You hit the gnoll but do no damage.
The gnoll is almost dead.
The gnoll hits you with a +0 club!
* * * LOW HITPOINT WARNING * * *
A gnoll comes into view. It is wielding a +0 spear.
Something hits you.
You die...

.###############
gg.gggg@{Z.....#
.#############.#
....# #.#
##...##Y#
##.....#.#
#........#
.......≈.#
o.......##
...#.##.###


You could see a gnoll shaman, 5 gnolls and a bullfrog zombie.

Vanquished Creatures
  A centaur zombie (D:3)
  A worm (D:2)
  A dart slug (D:1)
  12 orcs (D:3)
  2 ball pythons (D:1)
  4 bats
  10 endoplasms
  A giant cockroach (D:3)
  4 goblins
  5 hobgoblins
  7 jackals
  A kobold (D:1)
  5 rats
54 creatures vanquished.

Vanquished Creatures (others)
  181 foxfires
181 creatures vanquished.

Grand Total: 235 creatures vanquished

Notes
Turn   | Place    | Note
-------+----------+-------------------------------------------
     0 | D:1      | Geeful the Djinni Fire Elementalist began the quest for the
                  | Orb.
     0 | D:1      | Reached XP level 1. HP: 15/15 MP: 0/0
   173 | D:1      | Reached XP level 2. HP: 18/22 MP: 0/0
   659 | D:1      | Reached skill level 1 in Shields
   701 | D:1      | Reached XP level 3. HP: 23/26 MP: 0/0
   701 | D:1      | Learned a level 1 spell: Summon Small Mammal
  1055 | D:1      | Identified a scroll of acquirement
  1055 | D:1      | Acquired a manual of Dodging
  1224 | D:2      | Acquired a manual of Maces & Flails
  1393 | D:2      | Found a faded altar of an unknown god.
  1491 | D:2      | Found a burning altar of Makhleb.
  1515 | D:2      | Became a worshipper of Makhleb the Destroyer
  1807 | D:3      | Reached XP level 4. HP: 26/31 MP: 0/0
  1809 | D:3      | Reached skill level 3 in Dodging
  2240 | D:3      | Reached skill level 4 in Dodging
  2240 | D:3      | Reached XP level 5. HP: 22/36 MP: 0/0
  2240 | D:3      | Learned a level 2 spell: Call Imp
  2654 | D:3      | Found a runed translucent gate.
  2654 | D:3      | Found a runed translucent gate.
  2657 | D:3      | Found an opulent altar of Gozag.
  2658 | D:3      | Found a runed translucent gate.
  2659 | D:3      | Noticed spindart's ghost (amateur DsWr)
  2710 | D:3      | Reached * piety under Makhleb
  2941 | D:3      | You are sucked into a shaft and drop 2 floors!
  2941 | D:5      | Entered Level 5 of the Dungeon
  2941 | D:5      | Found a staircase to the Ecumenical Temple.
  2989 | D:5      | Noticed a sky beast
  3065 | D:5      | HP: 1/36 [gnoll (7)]
  3065 | D:5      | Slain by a sky beast

Illustrated notes

Levels and vault maps discovered:
D:1:      dpeg_arrival_rooms_c, layout_rooms, chequers_serial_rivers_room_b,
          st_stairs_12, minmay_liquid_box
D:2:      layout_basic, basic_altar, basic_ecumenical_altar
D:3:      layout_rooms, ebering_ghost_gozag
D:5:      cheibrodos_two_vegetables, layout_loops_ring,
          minmay_temple_entry_ruins, serial_shops, shop, shop, shop,
          nicolae_shop_stone, uniq_ijyb

Skill      XL: |  1  2  3  4  5 |
---------------+----------------+-----
Shields        | 1 2 3 |  3.0
Dodging        | 4 |  4.3
Fighting       | |  0.7
Stealth        | |  1.5
Spellcasting   | |  2.6

Action                   |  1- 3 |  4- 6 || total
-------------------------+-------+-------++-------
Melee: Unarmed           |     2 |       ||     2
       Dagger            |     2 |    37 ||    39
 Cast: Foxfire           |    62 |    42 ||   104
  Use: Scroll            |    10 |     1 ||    11
       Potion            |       |     2 ||     2
 Stab: Sleeping          |       |     2 ||     2
Armor: Robe              |     4 |    10 ||    14
Dodge: Dodged            |    16 |    46 ||    62

Table legend: (Time is in decaauts)
 A = Elapsed time spent in this place.
 B = Non-inter-level travel time spent in this place.
 C = Inter-level travel time spent in this place.
 D = Time resting spent in this place.
 E = Time spent auto-exploring this place.
 F = Levels seen in this place.
 G = Mean time per level.
                   A        B        C        D        E       F      G
               +--------+--------+--------+--------+--------+-----+--------+
         Total |   3049 |   3001 |     48 |      0 |   2467 |   4 |  762.2 |
       Dungeon |   3049 |   3001 |     48 |      0 |   2467 |   4 |  762.2 |
               +--------+--------+--------+--------+--------+-----+--------+

Top non-repeatable levels by time:
     D:3: 1129 daAuts
     D:1: 1080 daAuts
     D:2: 719 daAuts
     D:5: 120 daAuts
